 Dungeon Crawl Stone Soup version 0.31-a0-542-gdc2a67831c (webtiles) character file.

Game seed: 14456821238327466727

1701 LeprechaunX the Changeling (level 9, 0/53 HPs)
             Began as an Octopode Shapeshifter on Aug 14, 2023.
             Was a Follower of Hepliaklqana.
             Killed from afar by an orc wizard (6 damage)
             ... with a magic dart
             ... on level 7 of the Dungeon.
             The game lasted 00:09:33 (5154 turns).

LeprechaunX the Changeling (Octopode Shapeshifter)  Turns: 5154, Time: 00:09:34

Health: 0/53       AC:  4    Str: 22    XL:     9   Next: 3%
Magic:  0/11       EV: 14    Int: 10    God:    Hepliaklqana [*.....]
Gold:   496        SH:  0    Dex: 12    Spells: 8/8 levels left

rFire   . . .        o - +10 spear of the Wraith {protect, +Blink Will+ Str+3}
rCold   . . .        (no shield)
rNeg    . . .        (helmet currently unavailable)
rPois   .            s - amulet of guardian spirit
rElec   .            (no ring)
rCorr   .            (no ring)
SInv    .            (no ring)
Will    +....        (no ring)
Stlth   ++           (no ring)
HPRegen 0.28/turn    (no ring)
MPRegen 0.12/turn    (no ring)
                     (no ring)

%: guardian spirit
@: beast-form, corroded, under a protective aura
A: beast (slay +4), reduced essence, almost no armour, amphibious, 8 rings,
camouflage 1, gelatinous body 1, (nimble swimmer 1), tentacles
a: Begin Untransformation, Renounce Religion, Evoke Blink, Recall Ancestor,
Ancestor Identity


You were on level 7 of the Dungeon.
You worshipped Hepliaklqana.
Hepliaklqana was aware of your devotion.
You were a hulking beast.
You visited 2 branches of the dungeon, and saw 8 of its levels.

You collected 496 gold pieces.

Inventory:

Hand Weapons
 o - the +10 spear of the Wraith (weapon) {protect, +Blink Will+ Str+3}
   (You found it on level 3 of the Dungeon)

   Str+3:     It affects your strength (+3).
   Will+:     It increases your willpower.
   +Blink:    It lets you blink.
 r - a +0 sling
Missiles
 n - 2 boomerangs
Jewellery
 s - an amulet of guardian spirit (around mantle)
Talismans
 b - a beast talisman (active)
 c - a flux talisman
Scrolls
 e - 2 scrolls of amnesia
 f - a scroll of brand weapon
 g - 4 scrolls of vulnerability
 j - 3 scrolls of revelation
 l - a scroll of acquirement {unknown}
 p - a scroll of poison {unknown}
 q - a scroll of enchant weapon {unknown}
 u - a scroll of noise {unknown}
 v - 2 scrolls of teleportation
 x - 2 scrolls of fog
 y - a scroll of torment
Potions
 a - 2 potions of lignification
 h - 2 potions of might {unknown}
 i - a potion of degeneration {unknown}
 k - a potion of enlightenment {unknown}
 m - 5 potions of curing
 t - 2 potions of attraction {unknown}
 w - 2 potions of magic {unknown}


   Skills:
 + Level 4.5 Fighting
 - Level 2.0 Polearms
 + Level 4.8 Dodging
 + Level 5.4 Unarmed Combat
 + Level 3.4 Invocations
 - Level 2.0 Evocations
 * Level 6.2 Shapeshifting


You had 8 spell levels left.
You didn't know any spells.
Your spell library contained the following spells:

 Spells                   Type           Power      Damage    Failure   Level
 Magic Dart               Conj           0%         1d3       36%         1
 Blink                    Tloc           0%         N/A       50%         2
 Call Imp                 Summ           0%         N/A       50%         2
 Mephitic Cloud           Conj/Pois/Air  0%         N/A       75%         3
 Manifold Assault         Tloc           0%         N/A       98%         4


Dungeon Overview and Level Annotations

Branches:
Dungeon (7/15)             Temple (1/1) D:4

Altars:
Cheibriados
Dithmenos
Elyvilon
Fedhas
Hepliaklqana
Makhleb
Okawaru
Qazlal
Ru
Trog
Vehumet
Wu Jian
Zin
Lugonu


Innate Abilities, Weirdness & Mutations

You are a hulking beast.
Your limbs bulge with bestial killing power. (Slay +4)
Your life essence is reduced to manifest your ancestor. (-10% HP)
You cannot wear most types of armour.
You are amphibious.
You can wear up to eight rings at the same time.
Your skin changes colour to match your surroundings (Stealth+).
Your rubbery body absorbs attacks. (AC +1, EV +1)
((You are camouflaged when in or above water. (Stealth+)))
You have tentacles for arms and can constrict up to eight enemies at once.


Message History

The kobold attacks as you move away! The kobold closely misses you.
You see here a +0 chain mail.
You closely miss the kobold. You grab the kobold. You squeeze the kobold.
The kobold is severely wounded.
You constrict the kobold.
You kill the kobold!
You puncture the jelly!
Your weapon exudes an aura of protection.
Your tentacles burn!
Your squeeze misses the jelly.
The jelly is severely wounded.
The jelly hits you but does no damage.
The orc priest invokes the aid of Beogh against you.
Beogh smites you!
* * * LOW HITPOINT WARNING * * *
You hit the jelly but do no damage.
Your tentacles burn!
* * * LOW HITPOINT WARNING * * *
The jelly is severely wounded.
The jelly closely misses you.
Unknown command.
You completely miss the jelly. You squeeze the jelly.
You kill the jelly!
You have reached level 9!
Your experience leads to an increase in your attributes!
Your base attributes are Str 17, Int 10, Dex 12.
Increase (S)trength, (I)ntelligence, or (D)exterity?
You feel stronger. x2
You puncture the orc!
You kill the orc!
You hit the orc priest. You grab the orc priest.
The orc priest is severely wounded.
You constrict the orc priest. The orc priest hits you with a +0 mace.
* * * LOW HITPOINT WARNING * * *
You hit the orc priest.
You kill the orc priest!
Unknown command.
You hit something but do no damage.
You hear some strange, mumbled words.
A magic dart appears from out of thin air!
The magic dart hits you!
You die...

##..##
##.o##+####..
##..........
##o###.###.
###.#...# #.....#
#.#.### #{#..)
#h####### #.#<....#
##+########.#####.#
#...........# #.#
#...........# #.#
#...........# #.#
#...........# #.#
#...........# #.#
#...........# #.#


There were no monsters in sight!

Vanquished Creatures
  A water moccasin (D:5)
  2 sky beasts (D:6)
  An ogre (D:4)
  2 centaurs
  A kobold brigand (D:7)
  A bullfrog (D:6)
  A scorpion (D:5)
  5 hounds
  3 orc priests
  A jelly (D:7)
  A sleepcap (D:4)
  5 iguanas
  3 orc wizards
  Natasha (thrice) (D:2)
  Robin (D:2)
  4 gnolls (D:2)
  10 adders
  A shadow imp (D:6)
  A white imp (D:5)
  An ufetubus (D:6)
  2 worms
  9 orcs
  3 bats (D:1)
  6 endoplasms
  4 giant cockroaches
  15 goblins
  8 hobgoblins
  7 jackals
  4 quokkas
  4 ball pythons
  2 frilled lizards
  11 kobolds
  3 rats
126 creatures vanquished.

Vanquished Creatures (collateral kills)
  Edmund (D:6)
  A hound (D:6)
2 creatures vanquished.

Vanquished Creatures (others)
  3 ancestors
3 creatures vanquished.

Grand Total: 131 creatures vanquished

Notes
Turn   | Place    | Note
-------+----------+-------------------------------------------
     0 | D:1      | LeprechaunX the Octopode Shapeshifter began the quest for
                  | the Orb.
     0 | D:1      | Reached XP level 1. HP: 13/13 MP: 1/1
    87 | D:1      | Reached XP level 2. HP: 18/18 MP: 2/2
   133 | D:1      | Upgraded the game from 0.31-a0-538-gbc85326fa9 to
                  | 0.31-a0-542-gdc2a67831c
   431 | D:1      | Found a faded altar of an unknown god.
   864 | D:1      | Reached XP level 3. HP: 23/23 MP: 3/3
   880 | D:2      | Noticed Natasha
   884 | D:2      | Killed Natasha
  1108 | D:2      | Noticed Robin
  1116 | D:2      | Reached XP level 4. HP: 14/29 MP: 4/4
  1314 | D:2      | Killed Robin
  1346 | D:2      | Noticed Natasha
  1360 | D:2      | Killed Natasha
  1538 | D:2      | Reached XP level 5. HP: 34/34 MP: 5/5
  1546 | D:2      | Noticed Natasha
  1548 | D:2      | Reached skill level 4 in Shapeshifting
  1550 | D:2      | Killed Natasha
  2206 | D:3      | Found an iron altar of Okawaru.
  2285 | D:3      | Reached XP level 6. HP: 37/41 MP: 6/6
  2295 | D:3      | Identified the +10 spear of the Wraith {protect, +Blink
                  | Will+ Str+3}
  2646 | D:4      | Found a bloodstained altar of Trog.
  2963 | D:4      | Reached skill level 1 in Polearms
  2963 | D:4      | Reached skill level 1 in Evocations
  2976 | D:4      | Reached XP level 7. HP: 46/46 MP: 7/7
  3162 | D:4      | Found a staircase to the Ecumenical Temple.
  3173 | Temple   | Entered the Ecumenical Temple
  3189 | Temple   | Became a worshipper of Hepliaklqana the Forgotten
  3422 | D:4      | Found a burning altar of Makhleb.
  3471 | D:5      | Entered Level 5 of the Dungeon
  3664 | D:5      | Identified the +6 rapier "Tinwenim" {flame, rF+ rCorr}
  3721 | D:5      | Reached skill level 1 in Invocations
  3802 | D:5      | Reached skill level 5 in Shapeshifting
  3832 | D:5      | Reached XP level 8. HP: 35/52 MP: 4/9
  4131 | D:5      | Reached * piety under Hepliaklqana
  4595 | D:6      | Noticed Edmund
  4603 | D:6      | Reached skill level 5 in Unarmed Combat
  4605 | D:6      | Killed Edmund
  4652 | D:6      | Reached skill level 6 in Shapeshifting
  4765 | D:6      | Found a stormy altar of Qazlal.
  5151 | D:7      | Reached XP level 9. HP: 8/53 MP: 2/11
  5154 | D:7      | Killed from afar by an orc wizard

Illustrated notes

Levels and vault maps discovered:
D:1:      lightli_arrival_statue_moat, layout_basic, basic_ecumenical_altar,
          chequers_garden
D:2:      layout_loops_ring, uniq_natasha, uniq_robin
D:3:      layout_rooms, okawaru_gym_becter
D:4:      layout_loops_corners, overflow_temple_1_default,
          lightli_temple_of_fire, minmay_temple_entry_proselytizer
D:5:      layout_loops_cross, dreamdust_wishing_well,
          hangedman_abyss_or_decor_stagger
D:6:      layout_cave_pools, nicolae_qazlal_eye_of_the_storm, uniq_edmund
D:7:      layout_basic, grunt_decor_arrowhead, uniq_joseph, uniq_maggie,
          uniq_crazy_yiuf_cottage, uniq_pikel, uniq_jeremiah
Temple:   corrupted_temple

Skill      XL: |  1  2  3  4  5  6  7  8 |
---------------+-------------------------+-----
Fighting       | 2 3 4 |  4.5
Shapeshifting  | 4 5 6 |  6.2
Dodging        | 3 4 |  4.8
Unarmed Combat | 4 5 |  5.4
Polearms       | 1 2 |  2.0
Evocations     | 1 2 |  2.0
Invocations    | 1 3 |  3.4

Action                     |  1- 3 |  4- 6 |  7- 9 || total
---------------------------+-------+-------+-------++-------
  Melee: Unarmed           |    52 |    68 |       ||   120
         Constrict         |    17 |    29 |    17 ||    63
         Tentacles         |     8 |    18 |    15 ||    41
         Punch             |     1 |     1 |     2 ||     4
         Spear             |       |    30 |   106 ||   136
    Use: Potion            |       |     1 |       ||     1
         Scroll            |       |       |     7 ||     7
   Stab: Sleeping          |     4 |     5 |     3 ||    12
         Distracted        |       |     1 |       ||     1
 Armour: Skin              |     4 |     6 |    22 ||    32
  Dodge: Dodged            |    27 |    46 |    47 ||   120

Table legend: (Time is in decaauts)
 A = Elapsed time spent in this place.
 B = Non-inter-level travel time spent in this place.
 C = Inter-level travel time spent in this place.
 D = Time resting spent in this place.
 E = Time spent auto-exploring this place.
 F = Levels seen in this place.
 G = Mean time per level.
                   A        B        C        D        E       F      G
               +--------+--------+--------+--------+--------+-----+--------+
         Total |   5156 |   4964 |    192 |    441 |   3768 |   8 |  644.5 |
       Dungeon |   5123 |   4961 |    162 |    441 |   3768 |   7 |  731.9 |
        Temple |     32 |      2 |     30 |      0 |      0 |   1 |   32.0 |
               +--------+--------+--------+--------+--------+-----+--------+

Top non-repeatable levels by time:
     D:1: 1028 daAuts
     D:2: 1008 daAuts
     D:4: 876 daAuts
     D:5: 768 daAuts
     D:6: 764 daAuts
     D:3: 527 daAuts
     D:7: 149 daAuts
  Temple: 32 daAuts
